 Dungeon Crawl Stone Soup version 0.31.0-1-g2c135a008e (webtiles) character file.

Game seed: 4124104491360086021

27 qw the Shooter (level 3, -2/28 HPs)
             Began as a Djinni Hunter on Jan 24, 2024.
             Slain by Sigmund
             ... wielding a +0 scythe
              (5 damage)
             ... on level 2 of the Dungeon.
             The game lasted 00:00:03 (1081 turns).

qw the Shooter (Djinni Hunter)                      Turns: 1081, Time: 00:00:03

Health: -2/28      AC:  5    Str: 10    XL:     3   Next: 25%
Gold:   49         EV: 11    Int: 10    God:
                   SH:  0    Dex: 18

rFire   + + .        a - +0 shortbow
rCold   x . .        (shield currently unavailable)
rNeg    . . .        d - +0 ring mail
rPois   inf          (no helmet)
rElec   .            (no cloak)
rCorr   .            (no gloves)
SInv    .            (boots unavailable)
Will    .....        (no amulet)
Stlth   +            (no ring)
HPRegen 0.24/turn    (no ring)
MPRegen 0.00/turn

%: infuse magic (-3 HP)
@: flying
A: sickness immunity, fire resistance 2, cold vulnerability 1, float, innate
caster, HP casting, extra vitality 1
a: no special abilities


You were on level 2 of the Dungeon.
You visited 1 branch of the dungeon, and saw 2 of its levels.

You collected 49 gold pieces.


Innate Abilities, Weirdness & Mutations

You are immune to sickness and miasma.
You are immune to poison.
Your flesh is very heat resistant. (rF++)
You are vulnerable to cold. (rC-)
You float through the air rather than walking.
You learn spells naturally, not from books.
Your magical power is your life essence.
You have superior vitality. (+4 MHP)


   Skills:
 - Level 2.0 Fighting
 - Level 4.0 Ranged Weapons
 + Level 0.6 Armour
 - Level 2.1 Dodging
 - Level 0.7 Stealth


You knew the following spells:

 Your Spells              Type           Power      Damage    Failure   Level
a - Summon Small Mammal   Summ           0%         N/A       69%         1
Your spell library was empty.

Inventory:

Hand Weapons
 a - a +0 shortbow (weapon)
Armour
 d - a +0 ring mail (worn)
Jewellery
 e - a +4 ring of protection
Scrolls
 b - a scroll of enchant armour {unknown}
 h - a scroll of blinking {unknown}
Potions
 c - a potion of curing {unknown}
 f - a potion of berserk rage {unknown}
 g - a potion of invisibility {unknown}
 i - 2 potions of might {unknown}

Dungeon Overview and Level Annotations

Branches:
Dungeon (2/15)

Altars:

Annotations:
D:1 1 transporter
D:2 Sigmund


Message History

Found a spear.
The goblin shouts!
You hear a shout!
Enter note: You shoot an arrow.
The arrow hits the goblin.
You kill the goblin!
A kobold comes into view. It is wielding a +0 short sword.
You shoot an arrow. The arrow barely misses the kobold.
You shoot an arrow. The arrow hits the kobold!
You kill the kobold!
You hear a shout!
Sigmund the Dreaded comes into view.
He is wielding a +0 scythe and carrying a wand of flame.
Sigmund gestures wildly while chanting.
Sigmund flickers and vanishes!
Deactivating autopickup; reactivate with Ctrl-A.
You shoot an arrow. You shoot an arrow.
You hear a zap.
A puff of flame appears from out of thin air!
The puff of flame hits you. You resist.
You shoot an arrow.
You hear a zap.
A puff of flame appears from out of thin air!
The puff of flame misses you.
You shoot an arrow. Something hits you!
You shoot an arrow.
You hear a zap.
A puff of flame appears from out of thin air!
The puff of flame hits you. You resist.
You shoot an arrow. Something hits you.
You shoot an arrow. Something hits you!
You shoot an arrow. Something hits you.
You shoot an arrow. Something barely misses you.
You shoot an arrow. Something hits you.
You die...

.... ###...#
...... #....
##...) ....{
#).### #<.@.#
##(#.# #.#.# #.#.#
#..##.#.#
#..##.#.#
#..##.#.#
##########.....#.#
#............#.#.#


There were no monsters in sight!

Vanquished Creatures
  A dart slug (D:1)
  A ribbon worm (D:2)
  A bat (D:1)
  An endoplasm (D:1)
  A giant cockroach (D:1)
  3 goblins (D:2)
  A hobgoblin (D:2)
  2 quokkas (D:1)
  4 ball pythons
  3 frilled lizards
  2 kobolds
  3 rats (D:1)
23 creatures vanquished.

Notes
Turn   | Place    | Note
-------+----------+-------------------------------------------
     0 | D:1      | qw the Djinni Hunter began the quest for the Orb.
     0 | D:1      | Reached XP level 1. HP: 18/18 MP: 0/0
     0 | D:1      | 0 ||| qw: Version: 0.3-a-136-gdd3b4e8
     0 | D:1      | 0 ||| qw: Game counter: 1214
     0 | D:1      | 0 ||| qw: Melee chars always use a shield: true
     0 | D:1      | 0 ||| qw: God list: Okawaru
     0 | D:1      | 0 ||| qw: Allow faded altars: false
     0 | D:1      | 0 ||| qw: Do Orc after clearing Dungeon:15 true
     0 | D:1      | 0 ||| qw: Do second Lair branch before Depths: true
     0 | D:1      | 0 ||| qw: Lair rune preference: random
     0 | D:1      | 0 ||| qw: Goals: Normal
     0 | D:1      | 0 ||| PLANNING D:1-11
    41 | D:1      | Found a faded altar of an unknown god.
    95 | D:1      | Reached XP level 2. HP: 17/23 MP: 0/0
   632 | D:1      | 632 ||| UPGRADING to +0 ring mail.
   642 | D:1      | 642 ||| DROPPING +0 leather armour.
   643 | D:1      | 643 ||| READING scroll labelled XUNUIPTEIMM.
   744 | D:1      | 744 ||| READING scroll labelled KUECRO NAESOUF.
   744 | D:1      | 744 ||| IDENTIFYING sedimented puce potion
   745 | D:1      | 745 ||| DROPPING scroll of butterflies.
   746 | D:1      | 746 ||| DROPPING potion of lignification.
   822 | D:2      | Reached skill level 4 in Ranged Weapons
   822 | D:2      | Reached XP level 3. HP: 15/28 MP: 0/0
   822 | D:2      | Learned a level 1 spell: Summon Small Mammal
  1071 | D:2      | Noticed Sigmund
  1079 | D:2      | HP: 2/28 [something (6)]
  1081 | D:2      | Slain by Sigmund

Levels and vault maps discovered:
D:1:      spicycebolla_arrival_risky_transporter, layout_basic,
          chequers_ecumenical_altar_island
D:2:      layout_loops_ring, uniq_sigmund

Skill      XL: |  1  2 |
---------------+-------+-----
Ranged Weapons | 4 |  4.0
Fighting       | |  2.0
Armour         | |  0.6
Dodging        | |  2.1
Stealth        | |  0.7

Action                     || total
---------------------------++-------
   Fire: Shortbow          ||    74
    Use: Scroll            ||     2
 Armour: Leather armour    ||    10
         Ring mail         ||    10
  Dodge: Dodged            ||    18

Table legend:
 A = Non-vault XP
 B = Vault XP
 C = Vault XP percentage of total XP
 D = Non-vault monster count
 E = Vault monster count
 F = Vault count percentage of total count
                 A         B        C        D         E       F
            +---------+---------+-------+---------+---------+-------
      Total |      39 |       0 |   0.0 |      23 |       0 |   0.0
            +---------+---------+-------+---------+---------+-------
        D:1 |      23 |       0 |   0.0 |      15 |       0 |   0.0
        D:2 |      16 |       0 |   0.0 |       8 |       0 |   0.0
            +---------+---------+-------+---------+---------+-------
